 Dungeon Crawl Stone Soup version 0.17-a0-1887-g3e50df6 (webtiles) character file.

51 Goblin1989 the Twirler (level 3, -1/21 HPs)
             Began as a Gargoyle Gladiator on Sept 23, 2015.
             Slain by Sigmund
             ... wielding a +0 scythe
              (8 damage)
             ... on level 2 of the Dungeon.
             The game lasted 00:03:31 (1110 turns).

Goblin1989 the Twirler (Gargoyle Gladiator)         Turns: 1110, Time: 00:03:32

Health: -1/21      AC:  8    Str: 18    XL:     3   Next: 83%
Magic:  3/3        EV: 12    Int:  8    God:
Gold:   22         SH:  0    Dex: 11    Spells: 0 memorised, 2 levels left

rFire  . . .     SeeInvis .     a - +0 quarterstaff
rCold  . . .     Clarity  .     b - +0 leather armour
rNeg   + . .     SustAt   .     (no shield)
rPois  ∞         Gourm    .     c - +0 helmet
rElec  +         Spirit   .     (no cloak)
rCorr  .         Warding  .     f - +0 pair of gloves
rMut   .         Stasis   .     (no boots)
MR     .....                    (no amulet)
Stlth  +.........               (no ring)
                                (no ring)

@: confused, not resistant to hostile enchantments, very unstealthy
A: negative energy resistance 1, electricity resistance, unbreathing,
petrification resistance, rot immunity, AC +3
a: no special abilities


You were on level 2 of the Dungeon.
You were hungry.

You visited 1 branch of the dungeon, and saw 2 of its levels.

You collected 22 gold pieces.

Inventory:

Hand weapons
 a - a +0 quarterstaff (weapon)
Missiles
 d - 3 throwing nets (quivered)
Armour
 b - a +0 leather armour (worn)
 c - a +0 helmet (worn)
 f - a +0 pair of gloves (worn)
Scrolls
 h - a scroll of amnesia {unknown}
 i - a scroll of enchant weapon {unknown}
 l - 2 scrolls of remove curse {unknown}
 p - 2 scrolls of identify
 q - a scroll of blinking {unknown}
Potions
 g - 2 potions of curing {unknown}
 j - 2 potions of heal wounds
 k - 2 potions of invisibility
 m - 3 potions of agility {unknown}
 n - a potion of flight {unknown}
 o - 2 potions of lignification {unknown}
Comestibles
 e - 3 bread rations


   Skills:
 - Level 2.1 Fighting
 + Level 4.6 Staves
 - Level 2.0 Throwing
 - Level 2.4 Dodging


You had 2 spell levels left.
You didn't know any spells.

Dungeon Overview and Level Annotations

Branches:
Dungeon (2/15)

Altars:

Annotations:
D:2 Sigmund


Innate Abilities, Weirdness & Mutations

You are resistant to torment.
Your stone body is resilient (AC +3).
You are immune to poison.
You resist negative energy.
You are resistant to electric shocks.
You can survive without breathing.
You are immune to petrification.
You are immune to rotting.


Message History

You are confused.
You bump into the rock wall.
You hear some strange, mumbled words.
You are more confused.
You're too confused to move!
Something hits you.
You bump into the rock wall.
Something hits you!
You miss something. You miss something.
You hear some strange, mumbled words.
You are more confused.
You hear some strange, mumbled words.
Something tries to affect you, but you resist.
You bump into the rock wall.
Something hits you but does no damage.
You bump into the rock wall.
You hear some strange, mumbled words.
A puff of flame appears from out of thin air!
The puff of flame misses you.
You bump into the rock wall.
Something hits you.
You closely miss something. Something hits you!
You die...

#.##.###..#.
#######.##.#
#..#.
...........#
#..##
.(####.#### #...
#.# ...#. ####.#
####. .#####+
#....#
.......###.##.#
......{@.#.##.#
.#######.#.#####
#.#.....#
#.#..##.#
#.#...#.#
#.#####.# #.#
#.# #.#####.#
#.......#


There were no monsters in sight!

Vanquished Creatures
  2 adders (D:2)
  A worm (D:2)
  3 ball pythons (D:1)
  3 giant cockroaches
  A goblin (D:2)
  5 hobgoblins
  A quokka (D:2)
  2 bats (D:1)
  2 giant newts (D:1)
  5 jackals
  A kobold (D:1)
  4 rats
30 creatures vanquished.

Notes
Turn   | Place    | Note
--------------------------------------------------------------
     0 | D:1      | Goblin1989 the Gargoyle Gladiator began the quest for the Orb.
     0 | D:1      | Reached XP level 1. HP: 12/12 MP: 1/1
    86 | D:1      | Reached XP level 2. HP: 17/17 MP: 2/2
   710 | D:2      | Reached skill level 4 in Staves
   751 | D:2      | Reached XP level 3. HP: 18/21 MP: 3/3
  1082 | D:2      | Noticed Sigmund
  1110 | D:2      | Slain by Sigmund

Vault maps used:
D:1:      minmay_arrival_five_plusses
D:2:      first_bread, uniq_sigmund

Action                   || total
-------------------------++-------
Melee: Quarterstaff      ||    87
Throw: Throwing net      ||     1
  Use: Scroll            ||     2
 Stab: Held in net/web   ||     2
